[Event "Late-Titled-Tuesday-Blitz-February-13-2024"]
[Site "Chess.com"]
[Date "2024.02.13"]
[Round "10"]
[White "SpeedofLight0"]
[Black "Fandorine"]
[Result "1-0"]
[WhiteElo "3057"]
[BlackElo "2948"]
[TimeControl "180+1"]
[EndTime "15:53:09 PST"]
[Termination "SpeedofLight0 won by resignation"]

1. e4 e5 2. Nf3 Nc6 3. Bb5 a6 4. Ba4 Nf6 5. O-O Be7 6. Re1 b5 7. Bb3 O-O 8. a4 b4 9. d4 d6 10. dxe5 dxe5 11. Nbd2 Bc5 12. h3 Qe7 13. Qe2 a5 14. c3 h6 15. Bc4 Rd8 16. Nb3 Bb6 17. Bb5 Be6 18. Bxc6 Bxb3 19. Bxa8 Rxa8 20. cxb4 axb4 21. Be3 Ba5 22. Qb5 Nd7 23. Rec1 Be6 24.
Nxe5 Nxe5 25. Qxe5 b3 26. Rc6 Qf6 27. Qxf6 gxf6 28.
Bxh6 Rd8 29. Bf4 Rd3 30. Bxc7 Bxc7 31. Rxc7 Rd2 32. a5 Rxb2 33. a6 Ra2 34. Rxa2 bxa2 35. Rc1 1-0

[Event "Late-Titled-Tuesday-Blitz-February-13-2024"]
[Site "Chess.com"]
[Date "2024.02.13"]
[Round "10"]
[White "h4parah5"]
[Black "Korchmar_Vasiliy"]
[Result "1-0"]
[WhiteElo "2985"]
[BlackElo "2772"]
[TimeControl "180+1"]
[EndTime "15:53:09 PST"]
[Termination "h4parah5 won by resignation"]

1. Nf3 d5 2. e3 Nf6 3. c4 c6 4. Nc3 e6 5. b3 Bd6 6. Bb2 O-O 7. Be2 a6 8. d4 Nbd7 9. O-O b6 10. Bd3 Bb7 11.
Re1 Re8 12. Qc2 h6 13. Rad1 Qc7 14. h3 Rad8 15. e4 dxe4 16. Nxe4 Nxe4 17. Bxe4 c5 18. Bxb7 Qxb7 19. d5 exd5 20. Rxe8+ Rxe8 21. Rxd5 Bf8 22. Qd2 Re7 23. Nh4 Nb8 24. Nf5 Re8 25. Bxg7 Bxg7 26.
Nd6 1-0

[Event "Late-Titled-Tuesday-Blitz-February-13-2024"]
[Site "Chess.com"]
[Date "2024.02.13"]
[Round "10"]
[White "manitodeplomo"]
[Black "noblerone"]
[Result "1/2-1/2"]
[WhiteElo "2640"]
[BlackElo "2483"]
[TimeControl "180+1"]
[EndTime "15:53:19 PST"]
[Termination "Game drawn by repetition"]

1. d4 d5 2. c4 c6 3. Nf3 Nf6 4. Nc3 dxc4 5. e3 b5 6. a4 b4 7. Na2 e6 8. Bxc4 Bb7 9. O-O Nbd7 10. Qe2 a5 11. Rd1 Be7 12. e4 O-O 13. Bg5 h6 14. Bh4 Nh5 15. Bxe7 Qxe7 16. Nc1 Nb6 17. Nb3 Nf4 18.
Qc2 Nxc4 19. Qxc4 Ba6 20. Qc5 Qf6 21. Qe5 Be2 22. Rd2 Bxf3 23. Qxf6 gxf6 24. gxf3 Rfd8 25. Rc1 Rd6 26. Kf1 e5 27. Rcd1 Kf8 28. dxe5 Rxd2 29. Rxd2 fxe5 30. Rd6 Ke7 31. Rxc6 Rd8 32. Ke1 Nd3+ 33.
Ke2 Nf4+ 34. Ke1 Nd3+ 35. Ke2 Nf4+ 36. Ke1 1/2-1/2

[Event "Late-Titled-Tuesday-Blitz-February-13-2024"]
[Site "Chess.com"]
[Date "2024.02.13"]
[Round "10"]
[White "Alexei_Gubajdullin"]
[Black "Eloist"]
[Result "0-1"]
[WhiteElo "2629"]
[BlackElo "2475"]
[TimeControl "180+1"]
[EndTime "15:53:20 PST"]
[Termination "Eloist won by resignation"]

1. Nf3 Nf6 2. g3 b6 3. Bg2 Bb7 4. O-O e6 5. c4 Be7 6. Nc3 O-O 7. d4 Ne4 8. Nxe4 Bxe4 9. Be3 d5 10. Ne5 Bxg2 11.
Kxg2 Bd6 12. cxd5 Bxe5 13. dxe5 Qxd5+ 14. Qxd5 exd5 15. b4 Re8 16. Rac1 c6 17. f3 Rxe5 18. Kf2 Re6 19. b5 c5 20. Rfd1 Rd6 21. Bf4 Rd7 22. Rxc5 bxc5 23. Rc1 c4 24. e4 a6 25. b6 Nc6 26.
exd5 Na5 27. d6 Rb8 28. Bd2 Nb7 29. Rxc4 Nxd6 30. Rc6 Ne4+ 31. fxe4 Rxd2+ 32. Ke3 Rb2 33.
Rc7 R2xb6 34. Ra7 Kf8 35. h4 R8b7 36. Ra8+ Ke7 37. Rb8 Rxb8 0-1

[Event "Late-Titled-Tuesday-Blitz-February-13-2024"]
[Site "Chess.com"]
[Date "2024.02.13"]
[Round "10"]
[White "xakevicius91"]
[Black "Alblooshi_Hamad"]
[Result "1-0"]
[WhiteElo "2529"]
[BlackElo "2275"]
[TimeControl "180+1"]
[EndTime "15:53:21 PST"]
[Termination "xakevicius91 won by resignation"]

1. e4 c5 2. Nf3 Nc6 3. Bc4 e6 4.
O-O Nf6 5. Re1 Be7 6. e5 Nd5 7. d4 Nb6 8. Bf1 cxd4 9. Nxd4 Nxd4 10. Qxd4 O-O 11. Qg4 Re8 12. Nc3 d6 13. Bb5 Bd7 14. exd6 Bxd6 15. Be3 Bxb5 16. Nxb5 Nd5 17. c4 Nxe3 18.
Rxe3 Bc5 19. Rd1 Qf6 20. Rf3 Qe7 21. Rfd3 a6 22. Rd7 Qf6 23. Nc7 Qxf2+ 24. Kh1 Red8 25.
Rxd8+ 1-0

[Event "Late-Titled-Tuesday-Blitz-February-13-2024"]
[Site "Chess.com"]
[Date "2024.02.13"]
[Round "10"]
[White "KacperKacprzak"]
[Black "dretch"]
[Result "0-1"]
[WhiteElo "2728"]
[BlackElo "2897"]
[TimeControl "180+1"]
[EndTime "15:53:26 PST"]
[Termination "dretch won by resignation"]

1. d4 d5 2. c4 c6 3. Nf3 Nf6 4. Nc3 dxc4 5. a4 Bf5 6. Ne5 Nbd7 7. Nxc4 Nb6 8. Ne5 a5 9. e3 g6 10. Bd3 Be6 11. O-O Bg7 12. Qe2 Nfd5 13. Nf3 Nb4 14. Rd1 Bb3 15. Re1 Nxd3 16. Qxd3 O-O 17. e4 e5 18. Be3 exd4 19. Bxd4 c5 20. Nd5 Bxd5 21.
Bxg7 Bxe4 22. Qxd8 Rfxd8 23. Rxe4 Kxg7 24. Rc1 c4 25. h3 Rac8 26. Re7 Rd7 27. Rxd7 Nxd7 28.
Nd2 Nb6 29. b3 c3 30. Ne4 c2 31. Kf1 Nd5 32. Ke2 Nb4 33. Kd2 Rd8+ 34. Ke2 Re8 35. Kf3 Nd3 0-1

[Event "Late-Titled-Tuesday-Blitz-February-13-2024"]
[Site "Chess.com"]
[Date "2024.02.13"]
[Round "10"]
[White "aghasiyevkamal"]
[Black "ATM622"]
[Result "0-1"]
[WhiteElo "2634"]
[BlackElo "2489"]
[TimeControl "180+1"]
[EndTime "15:53:28 PST"]
[Termination "ATM622 won by resignation"]

1. d4 Nf6 2. c4 e6 3. Nf3 d5 4. Nc3 Be7 5. cxd5 exd5 6. Bg5 O-O 7. e3 h6 8. Bf4 c6 9. h3 Bf5 10. Bd3 Bxd3 11. Qxd3 Nbd7 12. g4 Bb4 13. g5 hxg5 14. Bxg5 Re8 15. Rg1 Qa5 16. Bxf6 Nxf6 17. Kf1 Bxc3 18.
bxc3 Ne4 19. c4 dxc4 20. Qxc4 Qf5 21. Ke2 Qxf3+ 22. Kxf3 Nd2+ 23. Ke2 Nxc4 24. a4 Rad8 25. Kd3 Ne5+ 26. Kc3 Nd7 27. a5 c5 28. Rgd1 cxd4+ 29.
Rxd4 Rc8+ 30. Kb2 Nc5 31. Rc1 Rc6 32. Rcc4 Rec8 33. Rb4 b6 34. axb6 Rxb6 35. Rxb6 axb6 36. Ka3 Ra8+ 37. Kb4 Ra5 38. Rd6 Na6+ 39. Kc4 Rc5+ 40. Kd4 Rb5 41. Kc4 Rb4+ 42. Kc3 Rb1 43. Kc2 Rb5 44.
Kc3 Kf8 45. e4 Ke7 46. Rc6 Rc5+ 47. Rxc5 Nxc5 48. f3 Ke6 49. Kd4 Nb3+ 0-1

[Event "Late-Titled-Tuesday-Blitz-February-13-2024"]
[Site "Chess.com"]
[Date "2024.02.13"]
[Round "10"]
[White "cande_francisco"]
[Black "stollenmonster"]
[Result "0-1"]
[WhiteElo "2510"]
[BlackElo "2846"]
[TimeControl "180+1"]
[EndTime "15:53:37 PST"]
[Termination "stollenmonster won by resignation"]

1. e4 c5 2. Nf3 Nf6 3. e5 Nd5 4.
Nc3 e6 5. Nxd5 exd5 6. d4 Nc6 7. dxc5 Bxc5 8. Bd3 d6 9. exd6 O-O 10. O-O Qxd6 11. a3 h6 12. b4 Bb6 13. Bb2 Bg4 14. Bb5 Bc7 15. g3 Qg6 16. Nh4 Qg5 17. Qd3 Rfe8 18.
Rae1 Qh5 19. Bxc6 bxc6 20. Qd4 f6 21. Qc5 Be2 22. Qxc6 Bxf1 23. Rxf1 Bb6 24. Ng2 Qf3 25. Nf4 Bxf2+ 0-1

[Event "Late-Titled-Tuesday-Blitz-February-13-2024"]
[Site "Chess.com"]
[Date "2024.02.13"]
[Round "10"]
[White "IraZyne"]
[Black "Doudou2015"]
[Result "1-0"]
[WhiteElo "2339"]
[BlackElo "2192"]
[TimeControl "180+1"]
[EndTime "15:53:40 PST"]
[Termination "IraZyne won on time"]

1. e4 c5 2. Nc3 Nc6 3. g3 e5 4.
Bg2 d6 5. d3 h6 6. Nh3 Nd4 7. O-O g5 8. f4 exf4 9. gxf4 g4 10. Nf2 h5 11. Nd5 Nf6 12. c3 Nxd5 13. cxd4 Nf6 14. Be3 Bg7 15. Rc1 cxd4 16. Bxd4 O-O 17.
Bc3 Be6 18. b3 Rc8 19. Qd2 Qb6 20. Kh1 Rfd8 21. f5 Bd7 22. d4 Bb5 23. Rfe1 Re8 24. Nd3 a5 25. Nf4 a4 26. e5 dxe5 27. dxe5 Rcd8 28.
Qc2 Nd7 29. e6 Ne5 30. Nxh5 1-0

[Event "Late-Titled-Tuesday-Blitz-February-13-2024"]
[Site "Chess.com"]
[Date "2024.02.13"]
[Round "10"]
[White "sansanathalia"]
[Black "RantomOpening"]
[Result "0-1"]
[WhiteElo "2382"]
[BlackElo "2516"]
[TimeControl "180+1"]
[EndTime "15:53:46 PST"]
[Termination "RantomOpening won by resignation"]

1. d4 d5 2. Nf3 e6 3. Nbd2 Nf6 4. e3 Be7 5. Be2 O-O 6. O-O b6 7. b3 Bb7 8. Bb2 Nbd7 9. c4 c5 10. cxd5 exd5 11. Rc1 Rc8 12. Ne5 Nxe5 13. dxe5 Ne4 14. Nxe4 dxe4 15. Qc2 Qc7 16. Rfd1 Rcd8 17. Rxd8 Rxd8 18.
Rd1 Rxd1+ 19. Qxd1 Qd8 20. Qxd8+ Bxd8 21. Kf1 Kf8 22.
Ke1 Ke7 23. Kd2 Ke6 24. Bc4+ Bd5 25. Be2 Bc7 26. Bg4+ Ke7 27. f4 exf3 28. gxf3 Be6 29. Bxe6 Kxe6 30. f4 Kf5 31. Kd3 Kg4 32. e6 fxe6 33.
Bxg7 Kh3 34. Ke4 Kxh2 35. f5 exf5+ 36. Kxf5 Kg3 37. e4 h5 38. Bc3 Kf2 39. e5 h4 40. e6 Bd8 41. Bf6 Bxf6 42. Kxf6 h3 43. e7 h2 44. e8=Q h1=Q 45. Qa4 Qf3+ 46. Ke6 Qe3+ 47.
Kd6 Qd4+ 0-1

[Event "Late-Titled-Tuesday-Blitz-February-13-2024"]
[Site "Chess.com"]
[Date "2024.02.13"]
[Round "10"]
[White "Boninknights"]
[Black "DonJuan_34"]
[Result "1-0"]
[WhiteElo "2378"]
[BlackElo "2477"]
[TimeControl "180+1"]
[EndTime "15:53:46 PST"]
[Termination "Boninknights won by resignation"]

1. d4 Nf6 2. Nf3 g6 3. c4 Bg7 4.
Nc3 O-O 5. e4 d6 6. Be2 e5 7.
dxe5 dxe5 8. Qxd8 Rxd8 9. Bg5 Re8 10. Nd5 Nxd5 11. cxd5 c6 12. Bc4 b5 13. Bb3 a5 14.
a4 b4 15. O-O Bb7 16. Rac1 h6 17. Be3 Bf8 18. Rfd1 cxd5 19. Rc7 Re7 20. Rxb7 Rxb7 21. Bxd5 Raa7 22. Bxa7 Rxa7 23. Nxe5 Bg7 24. Nxf7 Rxf7 25.
Bxf7+ Kxf7 26. Rd5 Nc6 27. Rc5 Nd4 28. Rxa5 Nc2 29. Ra7+ Kg8 30. Rxg7+ Kxg7 31. a5 Nd4 32. a6 Nc6 33. f4 Kf6 34. Kf2 Ke6 35. Ke3 Kd6 36.
Kd3 Kc5 37. e5 Kd5 38. b3 g5 39. g3 h5 40. fxg5 Nxe5+ 41. Ke3 Ng4+ 42. Kf4 Kc6 43. h4 Kb6 44. g6 Kxa6 45. Kg5 Ne5 46. g7 Nf7+ 47.
Kg6 1-0

[Event "Late-Titled-Tuesday-Blitz-February-13-2024"]
[Site "Chess.com"]
[Date "2024.02.13"]
[Round "10"]
[White "LiemLe"]
[Black "baki83"]
[Result "1-0"]
[WhiteElo "3027"]
[BlackElo "2868"]
[TimeControl "180+1"]
[EndTime "15:53:47 PST"]
[Termination "LiemLe won by resignation"]

1. Nf3 d5 2. e3 Nf6 3. c4 e6 4.
b3 b6 5. Bb2 Bb7 6. Nc3 Nbd7 7.
Rc1 a6 8. cxd5 exd5 9. Ne2 c5 10. d4 g6 11. Nf4 Bg7 12. Be2 O-O 13. O-O Re8 14. Rc2 Rc8 15. Qa1 Ne4 16. dxc5 Bxb2 17. Qxb2 bxc5 18. Rd1 Nb6 19. Bd3 Qf6 20. Qc1 c4 21.
Bxe4 Rxe4 22. Nd4 a5 23. Qb1 Ba6 24. h3 Ree8 25. Nde2 Qg5 26. Nc3 Red8 27. bxc4 Nxc4 28.
Ncxd5 Na3 29. Qb2 Nxc2 30. Nf6+ 1-0

[Event "Late-Titled-Tuesday-Blitz-February-13-2024"]
[Site "Chess.com"]
[Date "2024.02.13"]
[Round "10"]
[White "Dinamo3"]
[Black "DeTimmerman"]
[Result "0-1"]
[WhiteElo "2533"]
[BlackElo "2726"]
[TimeControl "180+1"]
[EndTime "15:53:53 PST"]
[Termination "DeTimmerman won by resignation"]

1. c4 Nf6 2. Nc3 e5 3. g3 d5 4.
cxd5 Nxd5 5. Bg2 Nb6 6. Nf3 Nc6 7. O-O Be7 8. d3 O-O 9. Be3 f5 10. Rc1 Bf6 11. a3 Nd4 12. Na4 c6 13. Nxd4 exd4 14. Bf4 Nd5 15. Bd2 Re8 16. Re1 h6 17. Qb3 Kh7 18. Bxd5 cxd5 19. Qc2 b6 20. Qc7 Bd7 21. Qxd8 Rexd8 22. b3 Rdc8 23. Rxc8 Rxc8 24. Rc1 Rxc1+ 25.
Bxc1 Be7 26. Bb2 b5 27. Bxd4 bxa4 28. bxa4 a6 29. a5 Bxa3 30. h4 Bb4 31. Bb6 g5 32.
hxg5 hxg5 33. Kg2 Bc6 34. f3 Kg6 35. Kf2 Bd2 36. e3 Bb5 37. Ke2 Bb4 38. g4 fxg4 39. fxg4 Kf7 40. Bd8 Ke6 41. Bb6 Kd7 0-1

[Event "Late-Titled-Tuesday-Blitz-February-13-2024"]
[Site "Chess.com"]
[Date "2024.02.13"]
[Round "10"]
[White "tteshan"]
[Black "EsmeraldasAnderson03"]
[Result "1-0"]
[WhiteElo "2637"]
[BlackElo "2457"]
[TimeControl "180+1"]
[EndTime "15:53:53 PST"]
[Termination "tteshan won on time"]

1. g3 d5 2. Nf3 c5 3. Bg2 Nf6 4. O-O h6 5. c4 d4 6. b4 cxb4 7. Bb2 Nc6 8. a3 e5 9. d3 bxa3 10. Nxa3 Bc5 11. Qa4 O-O 12. Rfb1 Bd7 13. Bc1 Rb8 14. Nd2 a5 15. Nb5 b6 16. Nb3 Be7 17.
e3 Nb4 18. exd4 exd4 19. Bf4 Rc8 20. Rd1 Bc6 21. N3xd4 Bxg2 22. Kxg2 Bc5 23. Nf3 Qd7 24. d4 Be7 25. Ne5 Qb7+ 26. d5 Bd6 27. Nxd6 Qc7 28.
Nxc8 Qxc8 29. Nc6 Qg4 30. Nxb4 Nh5 31. Nd3 Re8 32. Qxe8+ 1-0

[Event "Late-Titled-Tuesday-Blitz-February-13-2024"]
[Site "Chess.com"]
[Date "2024.02.13"]
[Round "10"]
[White "Hirna2005"]
[Black "Kostya26"]
[Result "1-0"]
[WhiteElo "2327"]
[BlackElo "2448"]
[TimeControl "180+1"]
[EndTime "15:53:54 PST"]
[Termination "Hirna2005 won by resignation"]

1. e4 c5 2. c3 d5 3. exd5 Qxd5 4. Nf3 Nf6 5. Na3 Nc6 6. d4 Bg4 7. Be2 e6 8. Nb5 O-O-O 9. Qb3 Qxb3 10. axb3 a6 11. Na3 cxd4 12. Nc4 b5 13. Rxa6 Kb7 14. Rb6+ Kc7 15. Bf4+ e5 16. Nfxe5 bxc4 17. Rxc6+ Kb7 18. Rxc4 Bxe2 19. Kxe2 Bd6 20. Kf3 Nd5 21. Bg3 dxc3 22. bxc3 f6 23. Nf7 Bxg3 24. hxg3 1-0

[Event "Late-Titled-Tuesday-Blitz-February-13-2024"]
[Site "Chess.com"]
[Date "2024.02.13"]
[Round "10"]
[White "yuriydovzik"]
[Black "mjelcic"]
[Result "1-0"]
[WhiteElo "2119"]
[BlackElo "2205"]
[TimeControl "180+1"]
[EndTime "15:53:56 PST"]
[Termination "yuriydovzik won by checkmate"]

1. e4 g6 2. h4 h5 3. Nh3 Bg7 4. Nc3 b6 5. d4 Bb7 6. Ng5 d6 7. Be3 Nd7 8. f3 Ngf6 9. Bc4 O-O 10. Qd2 c5 11. O-O-O cxd4 12. Bxd4 Ne5 13. Bb3 Rc8 14. Bxe5 dxe5 15. Qxd8 Rcxd8 16. Rxd8 Rxd8 17. Bxf7+ Kh8 18. Bxg6 Rc8 19. Nf7+ Kg8 20. Nxe5 Nxe4 21. Bxe4 Bxe4 22. Nxe4 Bxe5 23. c3 Bf4+ 24. Kc2 Kf7 25. Rd1 Rc7 26. Rd5 e5 27. Rd6 Kg7 28. Kd3 Bh2 29. a4 Bg1 30. Ng5 Kg8 31. Rd8+ Kg7 32. Ne6+ Kf6 33. Nxc7 Bf2 34.
Ra8 b5 35. Nxb5 Kf5 36. Nxa7 Bxh4 37. Nc6 Bg3 38. Rh8 h4 39. Ke2 e4 40. fxe4+ Kxe4 41. a5 Kd5 42. Nb4+ Kc5 43. a6 Kb6 44. Rh7 Bb8 45.
Rb7+ Ka5 46. Rxb8 h3 47. gxh3 Ka4 48. Kd3 Kb3 49. Nd5+ Ka2 50. a7 Kb1 51. a8=Q Kc1 52. Qa1# 1-0

[Event "Late-Titled-Tuesday-Blitz-February-13-2024"]
[Site "Chess.com"]
[Date "2024.02.13"]
[Round "10"]
[White "fmcabralis"]
[Black "TheAlienParty"]
[Result "0-1"]
[WhiteElo "2253"]
[BlackElo "2411"]
[TimeControl "180+1"]
[EndTime "15:53:59 PST"]
[Termination "TheAlienParty won by checkmate"]

1. e4 e5 2. Nf3 Nc6 3. Bb5 a6 4.
Ba4 d6 5. O-O Bd7 6. c3 g5 7. d4 g4 8. Ne1 h5 9. f3 Bh6 10. fxg4 hxg4 11. Qb3 Rh7 12. Bxh6 b5 13. Be3 Qh4 14. Nd2 bxa4 15. Qc2 Qxh2+ 16. Kf2 Qh5 17. g3 Qh2+ 18. Ng2 Rh3 19. Rg1 Qxg3+ 20. Ke2 Rh2 21. Kf1 Rxg2 22. Rxg2 Qxe3 23. Re1 Qf4+ 24. Rf2 Qg5 25.
Ke2 g3 26. Rg2 exd4 27. Kf3 Qg4# 0-1

[Event "Late-Titled-Tuesday-Blitz-February-13-2024"]
[Site "Chess.com"]
[Date "2024.02.13"]
[Round "10"]
[White "deribas12345"]
[Black "KaydenTroffChess"]
[Result "0-1"]
[WhiteElo "2632"]
[BlackElo "2828"]
[TimeControl "180+1"]
[EndTime "15:54:02 PST"]
[Termination "KaydenTroffChess won by resignation"]

1. d4 Nf6 2. c4 g6 3. Nc3 d5 4. Bg5 Ne4 5. Bh4 Nxc3 6. bxc3 dxc4 7. Nf3 Nd7 8. e4 Nb6 9. Be2 Bg7 10. O-O O-O 11.
h3 Bd7 12. Rb1 Ba4 13. Qd2 Qd7 14. Qf4 Qd6 15. Qe3 Rad8 16. Rb4 a5 17. Rbb1 Qa3 18.
Bg3 Rc8 19. Rfc1 Bc6 20. Nd2 e5 21. d5 Bd7 22. Bh4 f5 23. Bxc4 fxe4 24. Rb3 Qxc1+ 25.
Kh2 Nxc4 0-1

[Event "Late-Titled-Tuesday-Blitz-February-13-2024"]
[Site "Chess.com"]
[Date "2024.02.13"]
[Round "10"]
[White "TheMagician"]
[Black "ImportedItalianMaple"]
[Result "0-1"]
[WhiteElo "2218"]
[BlackElo "2494"]
[TimeControl "180+1"]
[EndTime "15:54:04 PST"]
[Termination "ImportedItalianMaple won on time"]

1. e4 g6 2. d4 Bg7 3. Be3 c6 4. c4 d5 5. exd5 cxd5 6. cxd5 Nf6 7. Nc3 O-O 8. Bc4 a6 9. a3 b5 10. Ba2 Bb7 11. Nf3 Nxd5 12. Nxd5 Bxd5 13. Bxd5 Qxd5 14. O-O Nd7 15. a4 Nb6 16. axb5 axb5 17. Qe2 Nc4 18. Rfc1 e6 19. Rxa8 Rxa8 20. b3 Nxe3 21. Qxe3 h6 22.
h4 Ra3 23. Rb1 Kh7 24. g3 Qf5 25. Rd1 Qc2 26. Rd3 Ra1+ 27. Kg2 Qb1 28. Nh2 Qh1+ 29.
Kh3 Rg1 30. Qf3 Qxf3 31. Nxf3 Rc1 0-1

[Event "Late-Titled-Tuesday-Blitz-February-13-2024"]
[Site "Chess.com"]
[Date "2024.02.13"]
[Round "10"]
[White "KorolDimitriy75"]
[Black "Semetey"]
[Result "0-1"]
[WhiteElo "2422"]
[BlackElo "2605"]
[TimeControl "180+1"]
[EndTime "15:54:08 PST"]
[Termination "Semetey won on time"]

1. d4 e6 2. c4 b6 3. Nc3 Bb7 4. Qc2 f5 5. Nf3 Nf6 6. g3 Bb4 7. Bg2 O-O 8. O-O Bxc3 9. Qxc3 Be4 10. b3 Nc6 11. Bb2 Qe8 12. Nd2 Bxg2 13. Kxg2 Qh5 14.
Qf3 Qg6 15. Rfe1 Ne4 16. Nxe4 fxe4 17. Qe3 d5 18. Ba3 Rf6 19. Rac1 Qh5 20. f3 Rh6 21. Rh1 Qh3+ 22. Kg1 Rd8 23. Kf2 Rf6 24. Rcd1 Rd7 25. f4 Rdf7 26. Ke1 a5 27. Kd2 Nb4 28. Bxb4 axb4 29.
Rc1 Rf8 30. Rc2 Ra8 31. Rhc1 Qxh2 32. cxd5 exd5 33. Rxc7 Rxa2+ 34. R1c2 Rxc2+ 35. Kxc2 h6 36. Qd2 Kh7 37. e3 Qxg3 0-1

[Event "Late-Titled-Tuesday-Blitz-February-13-2024"]
[Site "Chess.com"]
[Date "2024.02.13"]
[Round "10"]
[White "Misterfox120"]
[Black "mightysmasher"]
[Result "0-1"]
[WhiteElo "2407"]
[BlackElo "2558"]
[TimeControl "180+1"]
[EndTime "15:54:09 PST"]
[Termination "mightysmasher won by resignation"]

1. d4 d5 2. Nf3 Nf6 3. Bf4 e6 4. e3 Bd6 5. Nbd2 Bxf4 6. exf4 O-O 7. c3 Ne4 8. Bd3 f5 9. Ne5 c5 10. Ndf3 Nc6 11. O-O cxd4 12. Nxd4 Nxe5 13. fxe5 Qg5 14. Qe2 Bd7 15. f3 Nc5 16. f4 Qh6 17. g3 Nxd3 18.
Qxd3 Kh8 19. h4 a6 20. a4 Rac8 21. b4 Rc4 22. Nb3 b6 23. Rfc1 Qg6 24. Qe3 Rfc8 25. a5 bxa5 26. Rxa5 Re4 27. Qf3 Bb5 28. Nc5 Rc4 29.
Nxa6 Bxa6 30. Rxa6 Rxb4 31. cxb4 Rxc1+ 32. Kh2 Rc2+ 33. Kh3 h5 34. Ra8+ Kh7 0-1

[Event "Late-Titled-Tuesday-Blitz-February-13-2024"]
[Site "Chess.com"]
[Date "2024.02.13"]
[Round "10"]
[White "Teidi96"]
[Black "Dewarfd"]
[Result "1-0"]
[WhiteElo "2286"]
[BlackElo "2158"]
[TimeControl "180+1"]
[EndTime "15:54:09 PST"]
[Termination "Teidi96 won on time"]

1. e4 c5 2. Nf3 g6 3. d4 cxd4 4. Nxd4 Nc6 5. c4 Nf6 6. Nc3 Bg7 7. Be3 O-O 8. Be2 d6 9. O-O Ng4 10. Bxg4 Bxg4 11. Nxc6 Bxd1 12. Nxd8 Bxc3 13. bxc3 Be2 14.
Rfe1 Bxc4 15. Nxb7 a5 16. f3 Rfb8 17. Reb1 Bd3 18.
Rb2 a4 19. Rb4 a3 20. Na5 Rc8 21. Nb3 Rxc3 22. Rc1 Bc2 23. Nd4 Rxe3 24. Rxc2 Kg7 25. Rb3 Rxb3 26. Nxb3 Rb8 27. Rc7 Kf6 28. Ra7 Rc8 29.
Rxa3 Rc2 30. h3 h5 31. Ra5 h4 32. Kh2 e5 33. Ra6 Kg5 34. Rxd6 Rxa2 35. Nd2 f6 36. Nc4 Rc2 37. Ne3 1-0

[Event "Late-Titled-Tuesday-Blitz-February-13-2024"]
[Site "Chess.com"]
[Date "2024.02.13"]
[Round "10"]
[White "Jahonas"]
[Black "DeArron_Fox"]
[Result "0-1"]
[WhiteElo "2385"]
[BlackElo "2520"]
[TimeControl "180+1"]
[EndTime "15:54:10 PST"]
[Termination "DeArron_Fox won by resignation"]

1. e4 c5 2. Nf3 e6 3. d4 cxd4 4.
Nxd4 a6 5. Bd3 Bc5 6. Nb3 Ba7 7. O-O Ne7 8. Nc3 O-O 9. Qe2 Nbc6 10. Be3 Bxe3 11. Qxe3 b5 12. a3 Bb7 13. Rad1 d6 14. f4 Qc7 15. Rf2 b4 16. axb4 Nxb4 17. Rfd2 a5 18. Nd4 Qc5 19. Qf2 a4 20. Ndb5 Qxf2+ 21.
Kxf2 d5 22. e5 Ba6 23. Nc7 Bxd3 24. Nxa8 Bxc2 25. Ra1 Rxa8 26. Rd4 Nec6 27. Rd2 d4 28. Nb5 d3 29. Ke3 Na5 30. Nd4 Rd8 0-1

[Event "Late-Titled-Tuesday-Blitz-February-13-2024"]
[Site "Chess.com"]
[Date "2024.02.13"]
[Round "10"]
[White "JCVanDamme10"]
[Black "dolynachess"]
[Result "1-0"]
[WhiteElo "2336"]
[BlackElo "2465"]
[TimeControl "180+1"]
[EndTime "15:54:11 PST"]
[Termination "JCVanDamme10 won by resignation"]

1. e4 c5 2. Nf3 d6 3. d4 cxd4 4. Nxd4 Nf6 5. Nc3 g6 6. Be3 Nc6 7. f3 h5 8. Qd2 Nxd4 9. Bxd4 Bh6 10. Be3 Bxe3 11. Qxe3 Be6 12. O-O-O Qa5 13. Kb1 Rc8 14.
a3 h4 15. Be2 Rh5 16. f4 Rhc5 17. Rd3 Bc4 18. b4 Qxa3 19. bxc5 Rxc5 20. e5 Ra5 21. Na4 Rb5+ 22. Rb3 Bxb3 23. Bxb5+ Kf8 24. Qxb3 1-0

[Event "Late-Titled-Tuesday-Blitz-February-13-2024"]
[Site "Chess.com"]
[Date "2024.02.13"]
[Round "10"]
[White "Cosi43"]
[Black "NovakRatko"]
[Result "0-1"]
[WhiteElo "2567"]
[BlackElo "2336"]
[TimeControl "180+1"]
[EndTime "15:54:11 PST"]
[Termination "NovakRatko won by resignation"]

1. d4 d5 2. Nf3 c5 3. e3 cxd4 4.
exd4 Nc6 5. h3 f6 6. Bb5 a6 7. Ba4 b5 8. Bb3 Bf5 9. O-O g5 10. Re1 Qd7 11. Nc3 Be6 12. Qe2 Bf7 13. Qe3 Na5 14.
Bd2 Nxb3 15. axb3 Qc6 16. Rac1 Nh6 17. Ne2 Nf5 18. Qd3 Bg6 19. Qc3 Qd7 20. Qa5 h5 21. Nxg5 fxg5 22. Bxg5 Bh6 23. Bxh6 Nxh6 24. Nf4 Bf7 25.
Re5 Nf5 26. Rce1 O-O 27. g4 hxg4 28. hxg4 Nxd4 29. Rxe7 Qxg4+ 30. Ng2 Nf3+ 31. Kf1 Nxe1 32. Qxe1 Rae8 33. Qe5 Rxe7 34. Qxe7 Re8 35. Qf6 Qd1+ 0-1

[Event "Late-Titled-Tuesday-Blitz-February-13-2024"]
[Site "Chess.com"]
[Date "2024.02.13"]
[Round "10"]
[White "jinxy2009"]
[Black "abeljusto"]
[Result "0-1"]
[WhiteElo "2209"]
[BlackElo "2092"]
[TimeControl "180+1"]
[EndTime "15:54:12 PST"]
[Termination "abeljusto won by checkmate"]

1. e4 c5 2. Nf3 Nc6 3. d4 cxd4 4.
Nxd4 Nf6 5. Nc3 d6 6. Bg5 Bd7 7. Nxc6 bxc6 8. Bxf6 gxf6 9. Bc4 Rb8 10. Bb3 h5 11.
Qd3 Rg8 12. O-O Qa5 13. f4 h4 14. Rae1 e6 15. e5 dxe5 16. fxe5 f5 17. Rd1 Qc7 18. Qe2 Be7 19. Rf3 c5 20. Rfd3 Bc6 21. Ba4 Bxa4 22. Nxa4 Qc6 23. b3 c4 24. Rd7 cxb3 25.
axb3 Rb4 26. Qd3 Qxg2# 0-1

[Event "Late-Titled-Tuesday-Blitz-February-13-2024"]
[Site "Chess.com"]
[Date "2024.02.13"]
[Round "10"]
[White "Abduzhaparov"]
[Black "IMRosen"]
[Result "0-1"]
[WhiteElo "2444"]
[BlackElo "2633"]
[TimeControl "180+1"]
[EndTime "15:54:14 PST"]
[Termination "IMRosen won by resignation"]

1. Nf3 d5 2. c4 e6 3. g3 Nf6 4. Bg2 dxc4 5. Qa4+ c6 6. Qxc4 b5 7. Qc2 Bb7 8. a4 Nbd7 9. O-O a6 10. d4 c5 11. Rd1 Rc8 12. axb5 axb5 13. Qb3 Qb6 14.
Nc3 b4 15. Na4 Qb5 16. dxc5 Nxc5 17. Nxc5 Bxc5 18. Qd3 Qb6 19. Be3 Bxe3 20. Qxe3 Qxe3 21. fxe3 O-O 22. Ra7 Bd5 23. Nd4 g6 24. h3 Bxg2 25. Kxg2 e5 26. Nf3 Rc2 27. Rd2 b3 28. Rb7 e4 29. Rxc2 bxc2 30. Rc7 exf3+ 31. exf3 Nd5 0-1

[Event "Late-Titled-Tuesday-Blitz-February-13-2024"]
[Site "Chess.com"]
[Date "2024.02.13"]
[Round "10"]
[White "DanylaBagrov"]
[Black "Flaccidmoves"]
[Result "0-1"]
[WhiteElo "2544"]
[BlackElo "2445"]
[TimeControl "180+1"]
[EndTime "15:54:19 PST"]
[Termination "Flaccidmoves won by resignation"]

1. f4 Nh6 2. Nf3 d5 3. g3 g6 4. Bg2 Bg7 5. d3 d4 6. O-O O-O 7. c3 c5 8. Qc2 Nc6 9. Na3 Nf5 10. Nc4 Be6 11. Nce5 Nxe5 12. Nxe5 Bd5 13. c4 Bxg2 14. Kxg2 f6 15. Nf3 e5 16. fxe5 fxe5 17. Ng5 Qd7 18.
Ne4 Qc6 19. Bd2 Nd6 20. Kg1 Nxe4 21. dxe4 Qe6 22. Qd3 Qh3 23. Qb3 b6 24. Qa4 Qg4 25.
Qc6 Qxe2 26. Bg5 Rae8 27. Qd5+ Kh8 28. Rf7 Rxf7 29. Qxf7 Rf8 30. Qd5 Qf2+ 31. Kh1 Qxb2 32. Rd1 Qe2 33. Rc1 Rf1+ 0-1